 Dungeon Crawl Stone Soup version 0.18-a0-1577-gf591c28 (webtiles) character file.

139 wvc the Cudgeler (level 5, -1/41 HPs)
             Began as a Mummy Chaos Knight on Mar 20, 2016.
             Slain by Terence
             ... wielding a +0 falchion of holy wrath
              (4 damage)
             ... on level 2 of the Dungeon.
             The game lasted 00:08:19 (2543 turns).

wvc the Cudgeler (Mummy Chaos Knight)               Turns: 2543, Time: 00:08:20

Health: -1/41      AC:  6    Str: 15    XL:     5   Next: 1%
Magic:  5/5        EV: 11    Int: 12    God:    Xom [.*....]
Gold:   165        SH:  0    Dex: 12    Spells: 0 memorised, 4 levels left

rFire  . . .     SeeInvis .     a - +0 mace (chaos)
rCold  . . .     Gourm    .     h - +3 leather armour {rN+}
rNeg   + + +     Faith    .     (no shield)
rPois  ∞         Spirit   .     (no helmet)
rElec  .         Dismiss  .     (no cloak)
rCorr  .         Reflect  .     (no gloves)
SustAt .         Harm     .     (no boots)
MR     .....                    (no amulet)
Stlth  +.........               (no ring)
                                f - ring of fire

@: not resistant to hostile enchantments, very unstealthy
A: no food or potions, fire vulnerability, cold resistance 1, negative energy
resistance 3, torment resistance, unbreathing
a: Renounce Religion


You were on level 2 of the Dungeon.
You worshipped Xom.
You were a plaything of Xom.
You were not hungry.

You visited 1 branch of the dungeon, and saw 3 of its levels.

You collected 165 gold pieces.

Inventory:

Hand Weapons
 a - a +0 mace of chaos (weapon)
 b - a cursed -1 flail
Missiles
 d - 7 curare-tipped needles
 j - 20 poisoned needles
Armour
 h - a +3 leather armour of positive energy (worn)
Jewellery
 f - a ring of fire (left hand)
Scrolls
 c - a scroll of enchant armour
 e - 6 scrolls of identify
 g - a scroll of amnesia


   Skills:
 - Level 3.0 Fighting
 * Level 4.7 Maces & Flails
 - Level 1.5 Armour
 - Level 0.7 Dodging


You had 4 spell levels left.
You didn't know any spells.

Dungeon Overview and Level Annotations

Branches:
Dungeon (3/15)

Altars:

Annotations:
D:2 Terence


Innate Abilities, Weirdness & Mutations

You do not eat or drink.
Your flesh is vulnerable to fire.
You are immune to poison.
Your flesh is cold resistant.
You are immune to negative energy.
You are immune to unholy pain and torment.
You can survive without breathing.


Message History

* * * LOW HITPOINT WARNING * * *
Unknown command.
Unknown command.
You hit the orc.
The orc seems to speed up.
Xom is highly amused!
The orc is moderately wounded.
The orc hits you with a short sword.
* * * LOW HITPOINT WARNING * * *
The orc barely misses you.
You hit the orc. You burn the orc.
You kill the orc!
Terence hits you with a falchion of holy wrath.
* * * LOW HITPOINT WARNING * * *
You convulse.
* * * LOW HITPOINT WARNING * * *
You see here a short sword.
Terence hits you with a falchion of holy wrath.
* * * LOW HITPOINT WARNING * * *
You convulse.
You die...

#....# #....#
##############....#
.............#..>.#
#########.##......#
#############...#
#.........)...S##
###.####.####.##@#
..#.#8.#.#.[#.##@#
###.#..'.+..#.##.#
###S####.##'#.##.# #####
..#...........##.####...#
.##.####.##'#.#.....#...#
###.#..#.#..#.##.##.....#
#.#..'.'..#.##.###...†#
#.#'##.####.##.####.>.#
###...........#..##.)...#


You could see Terence and an adder.

Vanquished Creatures
  2 orc priests (D:3)
  A gnoll (D:1)
  An ooze (D:2)
  3 dart slugs
  3 giant geckos
  6 orcs
  2 ball pythons
  A giant cockroach (D:1)
  6 goblins
  5 hobgoblins
  4 jackals
  3 kobolds
  A quokka (D:2)
  8 bats
  3 giant newts
  8 rats
57 creatures vanquished.

Vanquished Creatures (others)
  2 gnolls (D:2)
2 creatures vanquished.

Grand Total: 59 creatures vanquished

Notes
Turn   | Place    | Note
--------------------------------------------------------------
     0 | D:1      | wvc the Mummy Chaos Knight began the quest for the Orb.
     0 | D:1      | Reached XP level 1. HP: 18/18 MP: 1/1
     0 | D:1      | namelastname112: йца*
     0 | D:1      | wvc: ват?
     9 | D:1      | namelastname112: самоубийца, говорю
    35 | D:1      | XOM: harmless Fire miscast
    59 | D:1      | XOM: harmless Trmt miscast
   131 | D:1      | XOM: mild Divn miscast
   217 | D:1      | XOM: divination: detect creatures
   245 | D:1      | Reached XP level 2. HP: 24/24 MP: 2/2
   318 | D:1      | Reached skill level 3 in Maces & Flails
   742 | D:1      | XOM: potion effect (invisibility)
   884 | D:1      | Reached XP level 3. HP: 29/29 MP: 3/3
  1290 | D:2      | XOM: 1-stop teleportation journey
  1421 | D:2      | XOM: fog
  1423 | D:2      | namelastname112: какие у мумий резисты вообще базовые?
  1423 | D:2      | namelastname112: я знаю только, что rf-
  1423 | D:2      | namelastname112: а
  1423 | D:2      | namelastname112: и rc+
  1423 | D:2      | wvc: пойзон иммун, тормент иммун, rN+++
  1423 | D:2      | namelastname112: ну это да, андеды ж
  1425 | D:2      | namelastname112: пиздец мазохизм
  1477 | D:2      | XOM: polymorph gnoll -> kobold
  1495 | D:2      | XOM: divine lightning (protected)
  1722 | D:2      | Reached skill level 4 in Maces & Flails
  1861 | D:2      | XOM: god gift: phantom mirror
  1884 | D:2      | namelastname112: лол
  1960 | D:2      | namelastname112: норм подарочек
  1969 | D:2      | Reached XP level 4. HP: 20/35 MP: 4/4
  2069 | D:2      | XOM: god gift: 50 gold pieces
  2106 | D:3      | XOM: 4-stop teleportation journey
  2160 | D:3      | XOM: cast spell 'Ring of Flames'
  2167 | D:3      | XOM: divination: magic mapping
  2169 | D:3      | XOM: vitrification
  2170 | D:3      | namelastname112: да иди
  2170 | D:3      | namelastname112: дави их
  2170 | D:3      | namelastname112: облаками
  2170 | D:3      | wvc: а, он так работает
  2170 | D:3      | namelastname112: у тебя иммуна ж на время
  2170 | D:3      | wvc: просто никогда не кастовал
  2170 | D:3      | wvc: только песню знаю
  2171 | D:3      | XOM: swap monsters
  2175 | D:3      | XOM: confuse monster(s)
  2189 | D:3      | Noticed Terence
  2399 | D:2      | namelastname112: ммм
  2405 | D:3      | namelastname112: теренс с холи мечом
  2407 | D:3      | XOM: enchant monster (good)
  2409 | D:2      | Reached XP level 5. HP: 37/41 MP: 5/5
  2452 | D:2      | XOM: mild Divn miscast
  2461 | D:2      | namelastname112: вали
  2468 | D:2      | namelastname112: может он от яда сдохнеь
  2472 | D:2      | namelastname112: мда
  2494 | D:2      | XOM: polymorph orc -> adder
  2536 | D:2      | namelastname112: вон там теле трап был
  2536 | D:2      | namelastname112: эх
  2536 | D:2      | wvc: :D
  2536 | D:2      | namelastname112: ну стукни орна
  2539 | D:2      | namelastname112: мда
  2543 | D:2      | Slain by Terence

Vault maps used:
D:1:      minmay_arrival_stone_box
D:2:      minmay_door_path, first_bread, serial_bayou_ford_a
D:3:      minmay_mini_jars, uniq_terence

Skill      XL: |  1  2  3 |
---------------+----------+-----
Maces & Flails | 3 4 |  4.7
Fighting       | |  3.0
Armour         | |  1.5
Dodging        | |  0.7

Action                   |  1- 3 |  4- 6 || total
-------------------------+-------+-------++-------
Melee: Mace              |   138 |    24 ||   162
Evoke: Phantom mirror    |       |     1 ||     1
  Use: Scroll            |     4 |     3 ||     7
 Stab: Invisible         |     2 |       ||     2
       Confused          |     1 |       ||     1
